AoeStats
← gnitaek

Pilgrims

509713880Analyzed
3v3 RM · 4d ago on Sep 27, 2026· 45m 45s· 6 players
Game mode
Random Map
Map size
Normal (6 player)
Population
200
Speed
Normal
Resources
Standard
Victory
Conquest
Starting age
Dark Age
Ending age
Imperial Age
RankedLock teamsTeams togetherTeam positionsShared explorationLock speedFull tech treeHidden civsTurbo modeCheats
Victory
Defeat
🇮🇪 Inca · Ireland
1229
+15
🇮🇪 Celts · Ireland
1228
+15
🇮🇪 Goths · Ireland
1140
+18
🇳🇱 Khmer · Netherlands
1219
-17
🇫🇷 Lithuanians · France
1204
-16
🇨🇴 Poles · Colombia
1171
-15
berserker-latko
6:36 Loom
8:57 Feudal Age
9:37 Champi Runner
14:30 Arson
18:33 Castle Age
17:50 Fletching
18:56 Pikeman
19:58 Scale Mail Armor
26:39 Bodkin Arrow
29:34 Chain Mail Armor
31:11 Forging
32:16 Wheelbarrow
36:18 Squires
41:04 Imperial Age
41:59 Iron Casting
42:38 Bracer
44:14 Halberdier
46:23 Blast Furnace
Darkham
4:32 Loom
5:51 Loom
12:33 Feudal Age
13:05 Double-Bit Axe
20:47 Castle Age
22:26 Wheelbarrow
22:34 Medium Warships
27:58 Pikeman
28:38 Squires
30:54 Bow Saw
30:28 Horse Collar
33:52 Scale Mail Armor
34:04 Forging
37:15 Hand Cart
39:49 Imperial Age
38:06 Gold Mining
38:36 Chain Mail Armor
38:57 Iron Casting
38:41 Heavy Plow
40:52 Anarchy
40:53 Perfusion
gnitaek
10:09 Feudal Age
8:26 Loom
11:08 Double-Bit Axe
13:50 Fletching
15:18 Man-at-Arms
19:19 Castle Age
18:55 Horse Collar
20:03 Scale Mail Armor
20:13 Forging
20:32 Medium Warships
20:14 Pikeman
22:12 Chain Mail Armor
21:43 Long Swordsman
24:04 Arson
24:58 Iron Casting
25:19 Wheelbarrow
28:07 Fishing Lines
35:48 Hand Cart
35:34 Gillnets
36:35 Town Watch
42:01 Imperial Age
41:58 Stronghold
42:14 Capped Ram
42:37 Halberdier
45:21 Plate Mail Armor
45:52 Blast Furnace
Bichir
10:52 Feudal Age
11:58 Loom
16:31 Castle Age
14:46 Bloodlines
16:05 Double-Bit Axe
16:48 Scale Barding Armor
17:54 Medium Warships
26:19 Fishing Lines
32:48 Fletching
34:38 Husbandry
37:58 Imperial Age
36:24 Bodkin Arrow
36:30 Padded Archer Armor
38:22 Ballistics
38:27 Leather Archer Armor
41:24 Wheelbarrow
40:35 Town Watch
41:07 Bracer
44:05 Thumb Ring
45:30 Light Cavalry
Streindert
4:47 Loom
12:21 Feudal Age
13:29 Double-Bit Axe
17:41 Fletching
22:27 Castle Age
20:11 Horse Collar
21:37 Padded Archer Armor
22:37 Crossbowman
26:09 Gold Mining
26:24 Bodkin Arrow
31:07 Stone Mining
33:25 Wheelbarrow
32:35 Town Watch
34:25 Gold Shaft Mining
35:57 Ballistics
36:32 Leather Archer Armor
37:03 Heavy Plow
Dani Blackmore
14:19 Feudal Age
15:29 Loom
16:43 Bloodlines
22:27 Castle Age
21:32 Double-Bit Axe
21:31 Horse Collar
24:00 Wheelbarrow
23:15 Light Cavalry
23:56 Husbandry
26:27 Forging
26:23 Scale Barding Armor
29:36 Gold Mining
30:01 Fletching
31:51 Hand Cart
34:18 Iron Casting
34:04 Chain Barding Armor
38:33 Imperial Age
37:27 Bow Saw
39:28 Winged Hussar
41:29 Conscription
42:53 Szlachta Privileges
43:26 Scale Mail Armor
Connection lost

Rejoining the realm…

Still unreachable

The connection could not be restored.

Session expired

The server has moved on; the page needs a fresh start.